 Dungeon Sprint DCSS version 0.21.1-1-g345015f (webtiles) character file.

6391 Fang the Severer (level 10, -5/166 HPs)
             Began as a Minotaur Berserker on May 31, 2018.
             Was the Champion of Trog.
             Slain by a spiny frog (17 damage)
             ... in the Dungeon (Sprint IX: "|||||||||||||||||||||||||||||").
             The game lasted 00:02:23 (1465 turns).

Fang the Severer (Minotaur Berserker)               Turns: 1465, Time: 00:02:24

Health: -5/166     AC:  1    Str: 29    XL:     10   Next: 66%
Magic:  3/3        EV: 18    Int:  4    God:    Trog [******]
Gold:   0          SH:  0    Dex: 10    Spells: 9/9 levels left

rFire    . . .     SeeInvis +   r - +3 war axe (antimagic)
rCold    . . .     Gourm    .   (no shield)
rNeg     . . .     Faith    .   b - +0 animal skin
rPois    .         Spirit   .   (helmet restricted)
rElec    .         Reflect  .   (no cloak)
rCorr    .         Harm     .   (no gloves)
MR       .....     NoTele   +   (no boots)
Stlth    ..........             (no amulet)
HPRegen  0.37/turn              o - +3 ring of dexterity
MPRegen  0.08/turn              p - +2 ring of evasion

@: berserking, very quick
A: retaliatory headbutt, horns 2, see invisible, clumsy 1, deformed body, weak
1, evolution 1
a: Berserk, Trog's Hand, Brothers in Arms, Burn Spellbooks, Renounce Religion


You were in the Dungeon.
You worshipped Trog.
Trog was exalted by your worship.
You were hungry.

You visited 1 branch

Inventory:

Hand Weapons
 q - a +1 battleaxe of freezing
 r - a +3 antimagic war axe (weapon)
Missiles
 a - 3 javelins of penetration (quivered)
Armour
 b - a +0 animal skin (worn)
Jewellery
 o - a +3 ring of dexterity (left hand)
 p - a +2 ring of evasion (right hand)
Wands
 m - a wand of acid (10)
Scrolls
 i - 5 scrolls of blinking
 l - 3 scrolls of remove curse
 s - 2 scrolls of enchant weapon
 t - a scroll of fog
Potions
 d - 5 potions of curing
 e - 7 potions of heal wounds
 f - a potion of haste
 g - 4 potions of magic
 h - 2 potions of berserk rage
 j - a potion of might
 k - a potion of invisibility
 n - 2 potions of agility
Comestibles
 c - 2 rations
 u - 8 chunks of flesh


   Skills:
 + Level 17.4 Fighting
 + Level 19.6 Axes
 + Level 7.3 Armour
 + Level 9.3 Dodging
 + Level 3.4 Stealth


You had 9 spell levels left.
You didn't know any spells.

Dungeon Overview and Level Annotations

Branches:
Dungeon (1/1)

Altars:
Cheibriados
Dithmenos
Elyvilon
Fedhas
Gozag
Hepliaklqana
Kikubaaqudgha
Makhleb
Nemelex Xobeh
Okawaru
Qazlal
Ru
Sif Muna
Trog
Uskayaw
Vehumet
Wu Jian
Xom
Yredelemnul
Zin
The Shining One
Beogh
Jiyva
Lugonu


Innate Abilities, Weirdness & Mutations

You reflexively headbutt those who attack you in melee.
You have a pair of horns on your head.
You have supernaturally acute eyesight. (SInv)
You are clumsy. (Dex -2)
Armour fits poorly on your strangely shaped body.
You are weak. (Str -2)
You evolve.


Message History

You slash the vampire mosquito!
The vampire mosquito is heavily damaged.
The vampire mosquito completely misses you.
You furiously retaliate!
You headbutt the vampire mosquito!!
You destroy the vampire mosquito!
Trog accepts your kill.
Unknown command.
The vampire mosquito closely misses you.
Found a scroll of fog.
You see here a vampire mosquito corpse.
Unknown command.
You slash the vampire mosquito!
You destroy the vampire mosquito!
Trog accepts your kill. Something appears at your feet!
Trog grants you a weapon!
You slash the spiny frog! You headbutt the spiny frog!
The spiny frog is heavily wounded.
The spiny frog stings you!
You die...

▓▓▓▓▓▓▓▓▓▓▓▓▓▓▓▓▓▓▓▓▓▓▓▓▓▓▓▓▓▓▓▓▓
.))......[..[[[)|?.'_____________
▓▓▓▓▓▓▓▓▓▓▓▓▓▓▓▓▓▓▓▓▓▓▓▓▓▓▓▓▓▓▓▓▓
......................(.((..)....
▓▓▓▓▓▓▓▓▓▓▓▓▓▓▓▓▓▓▓▓▓▓▓▓▓▓▓▓▓▓▓▓▓
?!...yF@††'.......)†'...
▓▓▓▓▓▓▓▓▓▓▓▓▓▓▓▓▓▓▓▓▓▓▓▓


You could see a spiny frog and a vampire mosquito.

Vanquished Creatures
  A skeletal warrior (D)
  Joseph (D)
  An elephant (D)
  A black mamba (D)
  A gargoyle (D)
  3 spiny frogs (D)
  2 efreet (D)
  2 komodo dragons (D)
  A troll (D)
  2 tyrant leeches (D)
  2 hippogriffs (D)
  A basilisk (D)
  3 vampire mosquitoes (D)
  A hungry ghost (D)
  3 water moccasins (D)
  2 ogres (D)
  A crocodile (D)
  7 bullfrogs (D)
  A crimson imp (D)
  A worker ant (D)
  An adder zombie (D)
  2 orcs (D)
  A bat zombie (D)
  A goblin (D)
  A hobgoblin (D)
  A jackal (D)
  A kobold (D)
  2 rats (D)
47 creatures vanquished.

Notes
Turn   | Place    | Note
-------+----------+-------------------------------------------
     0 | D        | Fang the Minotaur Berserker began the quest for the Orb.
     0 | D        | Reached XP level 1. HP: 19/19 MP: 0/0
     8 | D        | Reached skill level 4 in Axes
    10 | D        | Reached ** piety under Trog
   127 | D        | Noticed a crimson imp
   127 | D        | Noticed a worker ant
   127 | D        | Noticed an ogre
   133 | D        | Killed an ogre
   133 | D        | Reached skill level 7 in Axes
   133 | D        | Reached XP level 2. HP: 31/34 MP: 1/1
   133 | D        | Reached XP level 3. HP: 35/39 MP: 2/2
   133 | D        | Reached XP level 4. HP: 43/47 MP: 3/3
   134 | D        | Reached *** piety under Trog
   138 | D        | Reached skill level 8 in Axes
   139 | D        | Reached XP level 5. HP: 44/56 MP: 4/4
   240 | D        | Found a roughly hewn altar of Beogh.
   240 | D        | Found a snail-covered altar of Cheibriados.
   240 | D        | Found a shadowy altar of Dithmenos.
   240 | D        | Found a white marble altar of Elyvilon.
   240 | D        | Found a blossoming altar of Fedhas.
   240 | D        | Found an opulent altar of Gozag.
   241 | D        | Found a hazy altar of Hepliaklqana.
   242 | D        | Found a viscous altar of Jiyva.
   243 | D        | Found an ancient bone altar of Kikubaaqudgha.
   244 | D        | Found a corrupted altar of Lugonu.
   245 | D        | Found a burning altar of Makhleb.
   246 | D        | Found a sparkling altar of Nemelex Xobeh.
   247 | D        | Found an iron altar of Okawaru.
   248 | D        | Found a stormy altar of Qazlal.
   249 | D        | Found a sacrificial altar of Ru.
   250 | D        | Found a deep blue altar of Sif Muna.
   251 | D        | Found a bloodstained altar of Trog.
   252 | D        | Found a hide-covered altar of Uskayaw.
   253 | D        | Found a radiant altar of Vehumet.
   254 | D        | Found an ornate altar of the Wu Jian Council.
   255 | D        | Found a shimmering altar of Xom.
   256 | D        | Found a basalt altar of Yredelemnul.
   257 | D        | Found a glowing silver altar of Zin.
   258 | D        | Found a glowing golden altar of the Shining One.
   286 | D        | Noticed a hungry ghost
   286 | D        | Noticed a troll
   286 | D        | Noticed a hippogriff
   291 | D        | Killed a hippogriff
   291 | D        | Reached **** piety under Trog
   291 | D        | Reached skill level 10 in Fighting
   291 | D        | Reached skill level 11 in Axes
   291 | D        | Reached skill level 5 in Armour
   291 | D        | Reached XP level 6. HP: 67/67 MP: 5/5
   293 | D        | Reached skill level 5 in Dodging
   300 | D        | Killed a troll
   300 | D        | Reached skill level 12 in Axes
   300 | D        | Reached XP level 7. HP: 75/75 MP: 6/6
   307 | D        | Killed a hungry ghost
   307 | D        | Reached skill level 13 in Axes
   403 | D        | Noticed a skeletal warrior
   403 | D        | Noticed an efreet
   403 | D        | Noticed a gargoyle
   403 | D        | Noticed an efreet
   405 | D        | Reached ***** piety under Trog
   408 | D        | Killed an efreet
   408 | D        | Received a gift from Trog
   408 | D        | Reached skill level 14 in Axes
   408 | D        | Reached skill level 1 in Stealth
   408 | D        | Reached XP level 8. HP: 86/86 MP: 7/7
   415 | D        | Killed a gargoyle
   419 | D        | Killed an efreet
   419 | D        | Received a gift from Trog
   419 | D        | Reached skill level 15 in Axes
   421 | D        | Killed a skeletal warrior
   421 | D        | Reached skill level 16 in Axes
   421 | D        | Reached XP level 9. HP: 88/96 MP: 8/8
   593 | D        | Noticed Joseph
   602 | D        | Killed Joseph
   602 | D        | Reached skill level 15 in Fighting
   798 | D        | Gained mutation: You evolve. [potion of mutation]
   798 | D        | Gained mutation: Armour fits poorly on your strangely shaped body. [potion of mutation]
   798 | D        | Gained mutation: You are clumsy. (Dex -2) [potion of mutation]
   798 | D        | Gained mutation: You have supernaturally acute eyesight. (SInv) [potion of mutation]
   799 | D        | Noticed a komodo dragon
   799 | D        | Noticed a spiny frog
   800 | D        | Noticed a black mamba
   805 | D        | Killed a spiny frog
   805 | D        | Reached skill level 17 in Axes
   808 | D        | Killed a komodo dragon
   828 | D        | Killed a black mamba
   831 | D        | Received a gift from Trog
   831 | D        | Reached skill level 18 in Axes
   833 | D        | Reached XP level 10. HP: 44/107 MP: 9/9
  1308 | D        | Noticed a spiny frog
  1308 | D        | Noticed a spiny frog
  1312 | D        | Noticed an elephant
  1314 | D        | Reached ****** piety under Trog
  1317 | D        | Killed a spiny frog
  1323 | D        | Killed a spiny frog
  1326 | D        | Killed an elephant
  1326 | D        | Reached skill level 19 in Axes
  1331 | D        | Received a gift from Trog
  1400 | D        | Gained mutation: You are weak. (Str -2) [evolution]
  1446 | D        | Noticed a spiny frog
  1464 | D        | Received a gift from Trog
  1465 | D        | Slain by a spiny frog

Skill      XL: |  1  2  3  4  5  6  7  8  9 10 |
---------------+-------------------------------+-----
Fighting       | 7 8 10 11 13 14 16 17 | 17.4
Axes           | 7 8 11 12 14 16 18 19 | 19.6
Armour         | 4 5 6 7 |  7.3
Dodging        | 3 4 5 6 7 8 9 |  9.3
Stealth        | 1 2 3 |  3.4

Action                   |  1- 3 |  4- 6 |  7- 9 | 10-12 || total
-------------------------+-------+-------+-------+-------++-------
Melee: Hand axe          |    12 |     5 |       |       ||    17
       Headbutt          |     2 |     6 |    13 |     6 ||    27
       Broad axe         |       |    13 |    18 |       ||    31
       Battleaxe         |       |       |    26 |       ||    26
       War axe           |       |       |       |    34 ||    34
Invok: Berserk           |     1 |     1 |     2 |     2 ||     6
  Use: Potion            |       |       |     1 |       ||     1
  Eat: Chunk             |       |       |     3 |     5 ||     8
Armor: Animal skin       |       |     3 |       |       ||     3
Dodge: Dodged            |     4 |     9 |    24 |    17 ||    54
